 Dungeon Crawl Stone Soup version 0.31-a0-963-ga325b2283a (webtiles) character file.

Game seed: 3470798981744205822

401 Gladio the Ducker (level 6, -1/28 HPs)
             Began as a Felid Berserker on Oct 25, 2023.
             Was a Follower of Jiyva.
             Slain by a polar bear (2 damage)
             ... created by the rage of Trog
             ... on level 3 of the Dungeon.
             The game lasted 00:06:11 (2897 turns).

Gladio the Ducker (Felid Berserker)                 Turns: 2897, Time: 00:06:12

Health: -1/28      AC:  2    Str: 11 (13) XL:     6   Next: 54%
Magic:  7/7        EV: 25    Int:  9      God:    Jiyva [*.....]
Gold:   139        SH:  0    Dex: 17      Spells: 5/5 levels left
                                        Lives:  0   Deaths: 2

rFire   . .          .
                       - Unarmed
rCold   . . .        (shield unavailable)
rNeg    . . .        (body armour unavailable)
rPois   .            (helmet unavailable)
rElec   .            (cloak unavailable)
rCorr   .            (gloves unavailable)
SInv    +            (boots unavailable)
Will    .....        (no amulet)
Stlth   ++           b - +5 ring of evasion
HPRegen 1.04/turn    (no ring)
MPRegen 0.35/turn

%: no passive effects
@: quick
A: very small, claws 1, fangs 3, see invisible, speed 1, shaggy fur 2, stealthy
paws, no weapons or thrown items, no armour, multi-lived
a: Renounce Religion


You were on level 3 of the Dungeon.
You worshipped Jiyva.
Jiyva was aware of your devotion.
You visited 1 branch of the dungeon, and saw 4 of its levels.
You also visited: Sewer.

You collected 139 gold pieces.

Inventory:

Jewellery
 b - a +5 ring of evasion (left paw)
Wands
 r - a wand of flame (18) (quivered)
Scrolls
 j - a scroll of noise {unknown}
 n - a scroll of enchant weapon {unknown}
 o - a scroll of poison {unknown}
 p - a scroll of vulnerability
 q - a scroll of teleportation {unknown}
 s - a scroll of torment
Potions
 a - 2 potions of brilliance {unknown}
 c - a potion of lignification {unknown}
 e - 3 potions of cancellation {unknown}
 f - a potion of degeneration {unknown}
 g - a potion of might {unknown}
 h - a potion of ambrosia {unknown}
 i - a potion of haste {unknown}
 l - 2 potions of mutation {unknown}
 m - 4 potions of invisibility {unknown}


   Skills:
 + Level 4.2 Fighting
 + Level 5.6 Dodging
 * Level 5.2 Unarmed Combat
 + Level 2.7 Shapeshifting


You had 5 spell levels left.
You didn't know any spells.
Your spell library was empty.

Dungeon Overview and Level Annotations

Branches:
Dungeon (4/15)              Sewer (visited)
 Temple: D:4-7

Altars:
Okawaru

Annotations:
D:4 Dowan, Duvessa, Eustachio


Innate Abilities, Weirdness & Mutations

You have sharp claws.
You have razor-sharp teeth.
You have supernaturally acute eyesight. (SInv)
You cover ground quickly. (Speed+)
You are covered in thick fur. (AC +2)
Your paws help you pounce on unaware monsters.
You are incapable of wielding weapons or throwing items.
You cannot wear armour.
You gain extra lives every three experience levels.


Message History

The polar bear is heavily wounded.
The polar bear misses you. The polar bear completely misses you.
The polar bear claws you but does no damage.
You scratch the polar bear.
The polar bear is heavily wounded.
The polar bear bites you!
The polar bear claws you but does no damage.
The polar bear completely misses you.
You are too injured to fight recklessly!
You are too injured to fight recklessly!
You are too injured to fight recklessly!
You are too injured to fight recklessly!
You are too injured to fight recklessly!
You are too injured to fight recklessly!
You are too injured to fight recklessly!
You are too injured to fight recklessly!
You are too injured to fight recklessly!
You are too injured to fight recklessly!
You are too injured to fight recklessly!
You are too injured to fight recklessly!
You are too injured to fight recklessly!
You are too injured to fight recklessly!
You are too injured to fight recklessly!
You are too injured to fight recklessly!
You are too injured to fight recklessly!
You scratch the polar bear.
You claw the polar bear, but do no damage.
You bite the polar bear.
The polar bear is heavily wounded.
You scratch the polar bear.
The polar bear is heavily wounded.
The polar bear closely misses you. The polar bear barely misses you.
The polar bear completely misses you.
You scratch the polar bear but do no damage.
The polar bear is heavily wounded.
The polar bear bites you!
Ouch! That really hurt!
* * * LOW HITPOINT WARNING * * *
The polar bear completely misses you. The polar bear claws you.
You die...

...######..#########.##.## ##...
.[..##.........#.........####....
.(..+............................
....##.#...###.#.###.#...####....
...###.##..###.#.# #.##..#####...
..## #.###..##...# #.......# #...
.## #.####.....## ####....# #.#.
## #.......#...## ##..J#.# #.## #
######.###.@.###...##.###.## #
#.# ##.h.⌠...##......## ## #.#
##.._..###...##### .## #.#
##...###..)..###. ..#########.#
#...###......... .#..........#
#...##......###. ##.##########
#...#..#...## ## ...#
#.....###### # #### #######


You could see a polar bear.

Vanquished Creatures
  A polar bear (D:3)
  2 black bears (D:3)
  A scorpion (D:2)
  An orc priest (D:3)
  3 jellies (Sewer)
  Ijyb (D:3)
  Terence (D:3)
  3 adders
  4 river rats
  3 worms
  2 dart slugs
  8 orcs
  6 ball pythons
  10 endoplasms
  8 giant cockroaches
  2 goblins
  6 hobgoblins
  3 jackals (D:3)
  3 quokkas
  4 bats
  7 frilled lizards
  13 kobolds
  9 rats
101 creatures vanquished.

Vanquished Creatures (others)
  A black bear (D:3)
  5 jellies
  3 endoplasms
  A ball python (D:3)
10 creatures vanquished.

Grand Total: 111 creatures vanquished

Notes
Turn   | Place    | Note
-------+----------+-------------------------------------------
     0 | D:1      | Gladio the Felid Berserker began the quest for the Orb.
     0 | D:1      | Reached XP level 1. HP: 10/10 MP: 2/2
   183 | D:1      | Reached XP level 2. HP: 9/14 MP: 3/3
   488 | D:1      | Reached ** piety under Trog
   513 | D:1      | Reached skill level 1 in Shapeshifting
   513 | D:1      | Reached XP level 3. HP: 17/17 MP: 4/4
  1127 | D:2      | Reached XP level 4. HP: 21/21 MP: 5/5
  1137 | D:2      | Noticed a scorpion
  1147 | D:2      | Killed a scorpion
  1511 | D:3      | Reached XP level 5. HP: 25/25 MP: 6/6
  1542 | D:3      | Found a faded altar of an unknown god.
  1566 | D:3      | Reached skill level 5 in Dodging
  1609 | D:3      | Found a glowing drain.
  1677 | Sewer    | Entered a sewer
  1759 | Sewer    | Reached *** piety under Trog
  1814 | Sewer    | Found a viscous altar of Jiyva.
  1819 | Sewer    | Gained mutation: You are covered in thick fur. (AC +2)
                  | [Felid growth]
  1819 | Sewer    | Reached XP level 6. HP: 16/28 MP: 7/7
  1992 | Sewer    | Reached skill level 5 in Unarmed Combat
  2080 | Sewer    | Fell from the grace of Trog
  2080 | Sewer    | Became a worshipper of Jiyva Jaodirus the Shapeless
  2104 | D:3      | Found an iron altar of Okawaru.
  2105 | D:3      | Noticed Ijyb
  2118 | D:3      | Killed Ijyb
  2318 | D:3      | Noticed a polar bear
  2318 | D:3      | Noticed a polar bear
  2318 | D:3      | Noticed a polar bear
  2339 | D:3      | Slain by a polar bear
  2439 | D:3      | Noticed Terence
  2448 | D:3      | Killed Terence
  2472 | D:3      | Noticed a polar bear
  2472 | D:3      | Noticed a polar bear
  2472 | D:3      | Noticed a polar bear
  2492 | D:4      | HP: 1/28 [polar bear[the rage of Trog] (5)]
  2492 | D:4      | Slain by a polar bear
  2586 | D:4      | Noticed Duvessa
  2587 | D:4      | Noticed Dowan
  2597 | D:4      | Noticed Eustachio
  2613 | D:3      | Reached * piety under Jiyva
  2774 | D:3      | Killed a polar bear
  2897 | D:3      | HP: 1/28 [polar bear[the rage of Trog] (16)]
  2897 | D:3      | Slain by a polar bear

Illustrated notes

Levels and vault maps discovered:
D:1:      dpeg_arrival_boxorama, layout_loops_ring
D:2:      layout_rooms, kennysheep_path_1
D:3:      layout_loops_corners, hellmonk_okawaru_the_only_friend_you_need,
          serial_glass, glass_columns_c, glass_columns_a,
          hellmonk_ecumenical_altar_crossroads, portal_sewer_entry_a, uniq_ijyb,
          uniq_terence
D:4:      layout_basic, led_sif_pool, uniq_duvessa, uniq_crazy_yiuf_cottage,
          uniq_eustachio

Skill      XL: |  1  2  3  4  5  6 |
---------------+-------------------+-----
Shapeshifting  | 1 2 |  2.7
Unarmed Combat | 4 5 |  5.2
Dodging        | 5 |  5.6
Fighting       | 4 |  4.2

Action                     |  1- 3 |  4- 6 || total
---------------------------+-------+-------++-------
  Melee: Unarmed           |   103 |   238 ||   341
         Punch             |     2 |     9 ||    11
         Bite              |     7 |    30 ||    37
 Invoke: Berserk           |     2 |     3 ||     5
  Evoke: Wand              |       |     4 ||     4
    Use: Scroll            |       |     4 ||     4
   Stab: Sleeping          |     6 |     5 ||    11
 Armour: Skin              |    18 |    80 ||    98
  Dodge: Dodged            |    87 |   321 ||   408

Table legend: (Time is in decaauts)
 A = Elapsed time spent in this place.
 B = Non-inter-level travel time spent in this place.
 C = Inter-level travel time spent in this place.
 D = Time resting spent in this place.
 E = Time spent auto-exploring this place.
 F = Levels seen in this place.
 G = Mean time per level.
                   A        B        C        D        E       F      G
               +--------+--------+--------+--------+--------+-----+--------+
         Total |   2590 |   2521 |     69 |    265 |   1586 |   5 |  518.0 |
       Dungeon |   2165 |   2096 |     69 |    184 |   1376 |   4 |  541.2 |
         Sewer |    425 |    425 |      0 |     81 |    210 |   1 |  425.0 |
               +--------+--------+--------+--------+--------+-----+--------+

Top non-repeatable levels by time:
     D:3: 768 daAuts
     D:1: 696 daAuts
     D:2: 591 daAuts
   Sewer: 425 daAuts
     D:4: 110 daAuts
